 Dungeon Crawl Stone Soup version 0.30.1-11-g7821555f0a (webtiles) character file.

Game seed: 7469264692641794791

644 ChrisAssaf the Chiller (level 7, -1/40 (47) HPs)
             Began as a Human Ice Elementalist on Oct 30, 2023.
             Was a Believer of Nemelex Xobeh.
             Succumbed to a gnoll sergeant's poison
             ... on level 5 of the Dungeon.
             The game lasted 00:18:57 (4948 turns).

ChrisAssaf the Chiller (Human Ice Elementalist)     Turns: 4948, Time: 00:18:57

HP:   -1/40 (47)    AC:  5    Str: 12    XL:     7   Next: 82%
MP:   12/21         EV: 13    Int: 17    God:    Nemelex Xobeh [**....]
Gold: 14            SH:  0    Dex: 14    Spells: 0/13 levels left

rFire   + . .        v - +6 dagger "Urchapt" {freeze, rF+ MP+9}
rCold   . . .        (no shield)
rNeg    . . .        a - +0 robe
rPois   .            (no helmet)
rElec   .            s - +2 cloak of the King of the Hill {Str+4}
rCorr   .            (no gloves)
SInv    .            (no boots)
Will    .....        k - amulet of faith
Stlth   ++           (no ring)
HPRegen 0.26/turn    (no ring)
MPRegen 0.17/turn

%: faith
@: lethally poisoned (-1 -> -18), freezing walls, very slightly contaminated,
studying Maces & Flails, heavily drained
A: no striking features
a: Renounce Religion, Draw Escape, Draw Destruction, Draw Summoning


You were on level 5 of the Dungeon.
You worshipped Nemelex Xobeh.
Nemelex Xobeh was pleased with you.
You visited 1 branch of the dungeon, and saw 5 of its levels.

You collected 279 gold pieces.
You spent 265 gold pieces at shops.

Inventory:

Hand Weapons
 g - the +10 spear of the Establishment {heavy, rCorr Dex+5}
   (You found it on level 5 of the Dungeon)

   Dex:       It affects your dexterity (+5).
   rCorr:     It protects you from acid and corrosion.
 v - the +6 dagger "Urchapt" (weapon) {freeze, rF+ MP+9}
   (You bought it in a shop on level 2 of the Dungeon)

   rF:        It protects you from fire.
   MP:        It affects your magic capacity (+9).
Missiles
 q - 11 poisoned darts (quivered)
 u - 6 silver boomerangs
Armour
 a - a +0 robe (worn)
 j - the +0 scale mail "Bolemeipt" {rElec rPois Stlth+}
   (You found it on level 4 of the Dungeon)

   rElec:     It insulates you from electricity.
   rPois:     It protects you from poison.
   Stlth:     It makes you more stealthy.
 r - a +0 hat
 s - the +2 cloak of the King of the Hill (worn) {Str+4}
   (You found it on level 3 of the Dungeon)

   Str:       It affects your strength (+4).
Jewellery
 k - an amulet of faith (around neck)
Scrolls
 b - a scroll of magic mapping
 e - a scroll of immolation
 h - a scroll of vulnerability
 l - a scroll of teleportation
 m - 7 scrolls of identify
 x - a scroll of silence
Potions
 c - 2 potions of degeneration
 d - a potion of haste {unknown}
 f - a potion of heal wounds {unknown}
 i - a potion of might
 n - a potion of ambrosia {unknown}
 o - 2 potions of mutation {unknown}
 p - a potion of magic
 t - a potion of brilliance {unknown}
 w - a potion of flight {unknown}


   Skills:
 * Level 0.8 Fighting
 * Level 0.8 Polearms
 * Level 1.4 Throwing
 * Level 1.7 Armour
 * Level 2.9 Dodging
 * Level 3.0 Stealth
 * Level 3.8 Spellcasting
 * Level 1.1 Conjurations
 * Level 1.3 Summonings
 * Level 1.0 Necromancy
 * Level 6.0 Ice Magic
 * Level 1.0 Invocations


You couldn't memorise any spells.
You knew the following spells:

 Your Spells              Type           Power      Damage    Failure   Level
a - Freeze                Ice            92%        1d9       1%          1
b - Frozen Ramparts       Ice            46%        1d7       4%          3
c - Summon Ice Beast      Ice/Summ       15%        N/A       34%         4
d - Kiss of Death         Conj/Necr      24%        2d7       11%         1
e - Dispel Undead         Necr           6%         3d8       71%         4

Your spell library contained the following spells:

 Spells                   Type           Power      Damage    Failure   Level
 Ozocubu's Armour         Ice            23%        N/A       4%          3
 Confusing Touch          Hex            3%         N/A       43%         3
 Swiftness                Air            3%         N/A       43%         3
 Arcjolt                  Conj/Air       2%         1d12      98%         5
 Plasma Beam              Fire/Air       1%         2x1d12    100%        6


Dungeon Overview and Level Annotations

Branches:
Dungeon (5/15)
 Temple: D:4-7

Altars:
Kikubaaqudgha
Nemelex Xobeh
Okawaru
Vehumet
Wu Jian
Xom

Shops:
D:1 *   D:2 ?!(!=

Annotations:
D:5 1 transporter, lonewolfV2's ghost, novice DsFi


Message History

Confirm with . or Enter, or press ? or * to list all spells.
Aiming: Freeze (safe; 1% risk of failure)
Press: ? - help, Shift-Dir - straight line, f - boggart
Aim: a boggart, wielding a +0 club (moderately wounded, misshapen and mutated)
You miscast Freeze.
Nothing appears to happen.
The frozen ramparts melt away.
The boggart gestures wildly while chanting.
The gnoll sergeant hits you from afar with a +1 spear of venom.
You are poisoned.
The boggart closely misses you.
Casting: Freeze (safe; 1% risk of failure)
Confirm with . or Enter, or press ? or * to list all spells.
Casting: Frozen Ramparts (dangerous; 4% risk of failure)
Press: ? - help, Dir - look around, f - activate The walls around you are covered in ice.
You feel very sick.
The wall freezes the gnoll sergeant.
The gnoll sergeant hits you from afar with a +1 spear of venom.
You are lethally poisoned!
The wall freezes the adder but does no damage.
The adder barely misses you.
The wall freezes the boggart.
The boggart casts a spell.
You draw a card...
You have drawn the Swarm.
* * * LOW HITPOINT WARNING * * *
You feel very sick.
The wall freezes the gnoll sergeant but does no damage.
The gnoll sergeant barely misses you.
The wall freezes the adder.
The adder barely misses you.
The wall freezes the boggart.
The boggart casts a spell.
Send 'em back where they came from!
Your killer bee shudders. x2
The iguana bites you.
* * * LOW HITPOINT WARNING * * *
Unknown command.
Okay, then.
Press: ? - help, v - describe, . - travel
Here: an adder (lightly wounded, summoned)
An open translucent door.
You draw a card...
You have drawn the Tomb.
Walls emerge from the floor!
You die...
Your body disappears without a glow.

#...≈≈##W###g###.##≈≈..#
#.#.≈≈#...........#≈≈..#
#.#.≈≈###.##'##.###≈≈..#
#.#.≈≈..#.#...#.#..≈≈..#
#.#.≈≈.##g#...#.##.≈≈.##
#...≈≈.#g.#.:.#.g#.≈≈.#
#...≈≈.##g#####.##.≈≈.#
######.#.≈≈..#.#8g8#[#.....#
#.......(~~.©#.S@l)'.#©....#
.>######.≈≈..#.#y#y#.#.....#
.##### #.≈≈.##.##g##.##.≈≈.#
.....# #.≈≈.#..#)..#..#.≈≈.#
....####.≈≈.##.'...'.##.≈≈.#
.........≈≈..#.#...#.#..≈≈.#
....[....≈≈###.##'##.###≈≈.##
.........≈≈#...........#≈≈..#
.........≈≈##.###.###.##≈≈..#


You could see a gnoll sergeant (ally target), a boggart (misshapen), an iguana
(summoned, ally target), an adder (summoned) and 2 friendly killer bees.

Vanquished Creatures
  An ogre (D:5)
  A phantom (D:5)
  3 scorpions (D:5)
  2 hounds
  A sleepcap (D:5)
  4 gnolls (D:4)
  3 adders
  An ufetubus (D:5)
  2 worms
  A dart slug (D:4)
  3 orcs (D:3)
  8 bats
  6 endoplasms
  3 giant cockroaches
  3 goblins
  6 hobgoblins
  A jackal (D:5)
  3 quokkas (D:1)
  2 ball pythons
  3 frilled lizards
  5 kobolds
  5 rats
67 creatures vanquished.

Vanquished Creatures (collateral kills)
  A black bear (D:5)
1 creature vanquished.

Grand Total: 68 creatures vanquished

Notes
Turn   | Place    | Note
-------+----------+-------------------------------------------
     0 | D:1      | ChrisAssaf the Human Ice Elementalist began the quest for
                  | the Orb.
     0 | D:1      | Reached XP level 1. HP: 13/13 MP: 3/3
   201 | D:1      | Reached XP level 2. HP: 16/19 MP: 3/5
   325 | D:2      | Found Ifuluxuc's Distillery.
   389 | D:2      | Bought a potion of curing for 42 gold pieces
   574 | D:2      | Found a radiant altar of Vehumet.
   584 | D:2      | Reached XP level 3. HP: 24/24 MP: 3/6
   588 | D:2      | Learned a level 3 spell: Frozen Ramparts
   676 | D:3      | Reached XP level 4. HP: 24/30 MP: 0/7
   704 | D:3      | Learned a level 4 spell: Summon Ice Beast
   827 | D:4      | Found an ancient bone altar of Kikubaaqudgha.
   834 | D:4      | Found a shimmering altar of Xom.
   834 | D:4      | Found an ornate altar of the Wu Jian Council.
   840 | D:4      | Found an iron altar of Okawaru.
   964 | D:4      | Identified the +0 scale mail "Bolemeipt" {rElec rPois
                  | Stlth+}
  1320 | D:4      | Reached skill level 5 in Ice Magic
  1320 | D:4      | Reached XP level 5. HP: 35/35 MP: 7/9
  1439 | D:5      | Entered Level 5 of the Dungeon
  1514 | D:5      | Identified the -1 kite shield "Ganaplor" {rPois Str+3
                  | Int+3}
  1560 | D:5      | Reached skill level 1 in Armour
  1645 | D:5      | Reached skill level 1 in Throwing
  1645 | D:5      | Reached XP level 6. HP: 36/41 MP: 4/10
  1657 | D:5      | Learned a level 1 spell: Kiss of Death
  1697 | D:5      | Found a sparkling altar of Nemelex Xobeh.
  1701 | D:5      | Became a worshipper of Nemelex Xobeh the Trickster
  1744 | D:5      | Got Acvusyusez's Secrets of Austromancy
  1811 | D:5      | Reached skill level 1 in Summonings
  1914 | D:5      | Identified the +10 spear of the Establishment {heavy, rCorr
                  | Dex+5}
  1931 | D:5      | Noticed a black bear
  1943 | D:5      | Killed a black bear
  1944 | D:5      | Reached XP level 7. HP: 47/47 MP: 8/12
  1974 | D:5      | Found a transporter.
  1995 | D:5      | Noticed lonewolfV2's ghost (novice DsFi)
  2168 | D:5      | Reached skill level 1 in Conjurations
  2168 | D:5      | Reached skill level 1 in Necromancy
  2257 | D:5      | Found a transporter.
  2384 | D:4      | Reached * piety under Nemelex Xobeh
  2427 | D:4      | Learned a level 4 spell: Dispel Undead
  2771 | D:3      | Reached skill level 6 in Ice Magic
  2799 | D:3      | Identified the +2 cloak of the King of the Hill {Str+4}
  2879 | D:3      | Received a gift from Nemelex Xobeh
  3378 | D:3      | Reached ** piety under Nemelex Xobeh
  3702 | D:2      | Found Roanlezi's Antique Weapon Shoppe.
  3710 | D:2      | Bought a crystal dagger for 196 gold pieces
  3710 | D:2      | Identified the +6 dagger "Urchapt" {freeze, rF+ MP+9} (You
                  | bought it in a shop on level 2 of the Dungeon)
  3711 | D:2      | Found Efel's Distillery.
  3775 | D:2      | Found Izypreu's Jewellery Shop.
  3835 | D:2      | Received a gift from Nemelex Xobeh
  3861 | D:2      | Found Ceniucac's Magic Scroll Shoppe.
  3962 | D:1      | You fall into a shaft and drop 1 floor!
  4015 | D:1      | Found Saiczuva's Assorted Antiques.
  4083 | D:1      | Bought a scroll labelled FOPIWE VIPRUARHESH for 27 gold
                  | pieces
  4940 | D:5      | Reached skill level 1 in Invocations
  4948 | D:5      | Succumbed to a gnoll sergeant's poison

Illustrated notes

Levels and vault maps discovered:
D:1:      saegor_arrival_under_anarchy, layout_basic, serial_shops,
          nicolae_shop_just_a_little_nook, moated_statue, minmay_pentomino_t4
D:2:      layout_basic, basic_altar, serial_shops, shop, nicolae_square_shop,
          shop, nicolae_shop_industrial_runoff, shop, eino_curves_02
D:3:      layout_basic
D:4:      layout_loops_corners, mainiacjoe_overflow_alcove_3
D:5:      layout_rooms, nemelex_diamond_rough_becter,
          gammafunk_ghost_gnarly_gnolls, grunt_decor_arrowhead

Skill      XL: |  1  2  3  4  5  6  7 |
---------------+----------------------+-----
Ice Magic      | 5 6 |  6.0
Armour         | 1 |  1.7
Spellcasting   | 3 |  3.8
Throwing       | 1 |  1.4
Summonings     | 1 |  1.3
Stealth        | 3 |  3.0
Conjurations   | 1 |  1.1
Necromancy     | 1 |  1.0
Invocations    | 1 |  1.0
Fighting       | |  0.8
Polearms       | |  0.8
Dodging        | |  2.9

Action                     |  1- 3 |  4- 6 |  7- 9 || total
---------------------------+-------+-------+-------++-------
  Melee: Spear             |       |       |    24 ||    24
         Dagger            |       |       |    12 ||    12
  Throw: Dart              |     2 |    14 |       ||    16
   Cast: Freeze            |    25 |    25 |     8 ||    58
         Frozen Ramparts   |     1 |     6 |     6 ||    13
         Summon Ice Beast  |       |     1 |       ||     1
         Kiss of Death     |       |       |     2 ||     2
 Invoke: Draw Destruction  |       |       |     2 ||     2
         Draw Escape       |       |       |     1 ||     1
         Draw Summoning    |       |       |     1 ||     1
    Use: Potion            |     1 |     1 |       ||     2
         Scroll            |     3 |     3 |     1 ||     7
   Stab: Sleeping          |       |       |     5 ||     5
 Armour: Robe              |     2 |     4 |    11 ||    17
  Dodge: Dodged            |    21 |    16 |    48 ||    85
